Map: Blackpink LE

Players

NORTHAMERICA - Winner!

  • Race: Protoss Protoss
  • League: Master
  • Spawn Location: 1:00

llllllllllll

  • Race: Protoss Protoss
  • League: Master
  • Spawn Location: 7:00

VOD

Have the link to the VOD?

Description

Time

  • Played on: Nov. 19, 2017, 10:54 p.m.
  • Length: 19:06
Show
View Real Time Build Order
Export as new Build Order

NORTHAMERICA Protoss - Winner!

Build Orders:  

Get SALT Encoding   

  12  0:01  Probe  
  13  0:13  Probe  
  14  0:19  Pylon  
  14  0:25  Probe  
  15  0:37  Probe (Chrono Boost)  
  15  0:39  Gateway  
  16  0:49  Probe (Chrono Boost)  
  17  0:51  Assimilator  
  17  0:53  Probe (Chrono Boost)  
  18  1:03  Probe  
  19  1:07  Assimilator  
  19  1:13  Gateway  
  19  1:17  Probe (Chrono Boost)  
  20  1:29  Cybernetics Core  
  21  1:33  Probe (Chrono Boost)  
  21  1:38  Probe  
  22  1:42  Pylon  
  22  1:50  Probe  
  23  2:02  Probe  
  23  2:07  Stalker x2  
  28  2:09  Warp Gate (Chrono Boost)  
  28  2:20  Probe  
  29  2:26  Pylon  
  29  2:33  Probe  
  30  2:44  Stalker x2  
  34  3:03  Nexus  
  34  3:14  Sentry  
  36  3:20  Probe  
  36  3:21  Robotics Facility  
  37  3:29  Pylon  
  37  3:32  Probe  
  38  3:44  Probe  
  39  3:52  Twilight Council  
  39  3:56  Probe  
  39  4:02  Sentry x2  
  44  4:08  Probe (Chrono Boost)  
  44  4:09  Shield Battery  
  45  4:16  Probe (Chrono Boost)  
  46  4:20  Probe (Chrono Boost)  
  48  4:26  Immortal, Probe x2 (Chrono Boost)  
  54  4:34  Probe (Chrono Boost)  
  54  4:36  Probe (Chrono Boost)  
  55  4:40  Blink  
  55  4:45  Probe x2 (Chrono Boost)  
  57  4:49  Probe  
  58  4:52  Assimilator  
  58  4:53  Assimilator, Pylon  
  58  4:54  Probe  
  59  5:04  Pylon  
  59  5:08  Gateway, Observer  
  59  5:10  Gateway, Probe  
  61  5:15  Probe  
  61  5:20  Shield Battery  
  62  5:31  Nexus  
  62  5:33  Probe, Pylon  
  63  5:41  Probe  
  64  5:44  Robotics Bay  
  68  5:50  Immortal (Chrono Boost)  
  68  5:52  Probe  
  68  5:54  Shield Battery  
  69  6:00  Probe  
  70  6:07  Probe  
  71  6:12  Probe  
  71  6:15  Shield Battery  
  73  6:19  Observer (Chrono Boost), Probe  
  73  6:20  Forge  
  73  6:21  Stalker x2  
  73  6:22  Stalker  
  80  6:26  Stalker  
  80  6:32  Probe  
  83  6:33  Disruptor (Chrono Boost)  
  86  6:49  Probe  
  86  6:51  Robotics Facility  
  86  6:52  Probe  
  86  6:53  Gateway  
  88  6:59  Photon Cannon  
  88  7:04  Photon Cannon  
  88  7:06  Photon Cannon  
  88  7:07  Disruptor (Chrono Boost)  
  91  7:13  Probe  
  91  7:15  Photon Cannon  
  92  7:22  Stalker x2  
  93  7:23  Stalker  
  97  7:31  Photon Cannon, Protoss Ground Weapons Level 1 (Chrono Boost)  
  97  7:34  Probe  
  98  7:40  Disruptor (Chrono Boost)  
  99  7:45  Adept  
  101  7:54  Probe  
  101  7:59  Robotics Facility  
  101  8:02  Assimilator  
  101  8:03  Pylon  
  101  8:05  Pylon  
  101  8:06  Assimilator  
  101  8:10  Photon Cannon  
  101  8:20  Disruptor  
  101  8:21  Probe x2 (Chrono Boost)  
  101  8:22  Probe (Chrono Boost)  
  101  8:24  Pylon  
  101  8:25  Pylon  
  107  8:27  Dark Shrine  
  107  8:33  Probe x2 (Chrono Boost)  
  110  8:34  Probe (Chrono Boost)  
  110  8:37  Stalker x3  
  116  8:48  Zealot  
  118  8:50  Disruptor  
  121  8:56  Probe  
  125  9:06  Zealot, Protoss Ground Weapons Level 2 (Chrono Boost)  
  125  9:09  Nexus  
  127  9:12  Warp Prism, Pylon  
  127  9:15  Charge (Chrono Boost)  
  126  9:23  Stalker x2  
  130  9:31  Zealot  
  132  9:35  Photon Cannon, Shield Battery  
  120  9:47  Colossus  
  120  9:48  Probe  
  120  9:52  Photon Cannon  
  127  9:54  Photon Cannon, Shield Battery  
  127  9:56  Zealot  
  127  9:57  Pylon  
  127  9:59  Assimilator  
  129  10:01  Assimilator, Probe  
  129  10:03  Stargate  
  129  10:05  Stalker x2  
  134  10:19  Dark Templar x3  
  140  10:27  Gateway x2  
  140  10:34  Probe  
  141  10:41  Stalker x2  
  143  10:51  Fleet Beacon  
  143  10:54  Stargate  
  143  10:57  Stargate  
  143  10:58  Dark Templar x3  
  143  11:05  Probe  
  143  11:07  Probe  
  143  11:08  Probe  
  143  11:10  Photon Cannon  
  136  11:19  Dark Templar x2  
  116  11:40  Mothership (Chrono Boost)  
  116  11:45  Dark Templar  
  116  11:46  Probe (Chrono Boost)  
  125  11:52  Disruptor  
  125  11:53  Probe (Chrono Boost)  
  128  11:54  Probe x2 (Chrono Boost)  
  128  11:55  Photon Cannon  
  128  11:58  Photon Cannon  
  128  12:00  Disruptor  
  128  12:01  Disruptor  
  134  12:04  Dark Templar  
  138  12:09  Probe (Chrono Boost)  
  138  12:11  Archon  
  138  12:15  Dark Templar x2, Probe (Chrono Boost)  
  142  12:20  Probe  
  142  12:21  Archon  
  141  12:23  Stalker  
  141  12:24  Stalker x2  
  147  12:35  Zealot  
  149  12:38  Oracle  
  149  12:43  Disruptor  
  154  12:54  Stalker x2  
  154  12:55  Stalker x2  
  162  13:00  Probe (Chrono Boost)  
  162  13:01  Stalker  
  160  13:19  Pylon  
  160  13:21  Pylon  
  160  13:22  Probe  
  160  13:25  Pylon  
  161  13:31  Nexus, Dark Templar  
  161  13:33  Pylon  
  163  13:34  Templar Archives  
  163  13:40  Disruptor (Chrono Boost)  
  164  13:50  Disruptor (Chrono Boost)  
  164  13:56  Stalker x5  
  164  13:59  Dark Templar  
  176  14:14  Probe  
  177  14:20  Disruptor x2 (Chrono Boost)  
  179  14:31  Probe  
  180  14:32  Dark Templar x3  
  150  14:52  Disruptor (Chrono Boost)  
  150  14:59  Pylon  
  146  15:01  Pylon  
  131  15:15  Nexus  
  131  15:18  Pylon  
  114  15:43  Probe  
  108  15:54  Gateway  
  108  15:56  Gateway  
  106  15:57  Gateway  
  106  16:01  Gateway  
  106  16:03  Templar Archives  
Show
View Real Time Build Order
Export as new Build Order

llllllllllll Protoss 

Build Orders: Phoenix Opening 

Get SALT Encoding   

  12  0:00  Probe  
  13  0:12  Probe  
  14  0:23  Pylon  
  14  0:25  Probe  
  15  0:41  Gateway, Probe (Chrono Boost)  
  17  0:52  Assimilator, Probe (Chrono Boost)  
  17  0:55  Probe (Chrono Boost)  
  17  0:57  Assimilator  
  18  1:07  Probe (Chrono Boost)  
  19  1:16  Probe (Chrono Boost)  
  20  1:22  Gateway  
  20  1:23  Probe  
  21  1:30  Cybernetics Core  
  21  1:35  Probe  
  22  1:47  Probe  
  23  1:55  Pylon  
  23  2:11  Warp Gate (Chrono Boost)  
  23  2:13  Stalker x2, Probe  
  28  2:26  Probe  
  29  2:33  Pylon  
  29  2:40  Nexus  
  29  2:45  Probe  
  30  2:52  Sentry x2  
  30  2:57  Probe  
  35  3:02  Robotics Facility  
  35  3:11  Probe  
  34  3:24  Stalker x2  
  38  3:29  Probe  
  38  3:30  Pylon  
  39  3:37  Twilight Council  
  39  3:48  Probe  
  39  3:50  Shield Battery  
  39  3:53  Observer (Chrono Boost)  
  39  3:54  Probe  
  42  3:57  Phoenix  
  42  4:03  Probe  
  42  4:06  Probe  
  44  4:11  Stalker  
  44  4:12  Stalker  
  44  4:15  Probe  
  49  4:19  Probe  
  50  4:27  Probe  
  50  4:28  Assimilator  
  50  4:30  Assimilator  
  50  4:31  Blink (Chrono Boost)  
  51  4:33  Probe (Chrono Boost)  
  51  4:36  Pylon  
  52  4:45  Probe (Chrono Boost)  
  54  4:48  Probe (Chrono Boost)  
  54  4:52  Immortal  
  59  4:53  Probe (Chrono Boost)  
  59  4:56  Probe (Chrono Boost)  
  62  5:09  Probe x2 (Chrono Boost)  
  62  5:11  Probe  
  63  5:19  Dark Shrine  
  63  5:22  Probe  
  63  5:26  Pylon  
  64  5:29  Stalker x2  
  64  5:30  Probe  
  69  5:37  Gateway  
  69  5:43  Nexus  
  69  5:48  Gateway  
  69  5:54  Probe  
  69  5:55  Probe  
  71  6:00  Pylon  
  71  6:07  Probe  
  71  6:10  Stalker x2  
  76  6:13  Warp Prism (Chrono Boost)  
  78  6:19  Probe  
  78  6:23  Forge  
  78  6:25  Charge  
  79  6:30  Probe  
  80  6:36  Robotics Bay  
  80  6:40  Dark Templar  
  80  6:41  Dark Templar x2  
  86  6:50  Pylon  
  86  6:54  Probe  
  86  6:57  Dark Templar  
  86  6:58  Probe x2  
  91  7:02  Protoss Ground Weapons Level 1 (Chrono Boost)  
  91  7:08  Probe  
  91  7:10  Probe  
  91  7:12  Shield Battery  
  91  7:13  Photon Cannon, Probe  
  94  7:16  Immortal  
  98  7:30  Probe x2  
  98  7:31  Probe  
  99  7:49  Probe  
  96  7:55  Stalker x2  
  96  7:56  Stalker x2  
  96  7:58  Disruptor (Chrono Boost)  
  103  8:02  Probe  
  103  8:04  Assimilator  
  104  8:06  Assimilator, Probe  
  104  8:08  Pylon  
  104  8:09  Resonating Glaives  
  105  8:16  Gateway  
  105  8:17  Gateway  
  105  8:20  Gateway  
  105  8:21  Pylon  
  105  8:22  Gateway  
  105  8:26  Pylon  
  105  8:30  Robotics Facility  
  105  8:38  Disruptor (Chrono Boost)  
  108  8:45  Probe  
  108  8:46  Probe  
  110  8:49  Protoss Ground Weapons Level 2 (Chrono Boost)  
  110  8:52  Photon Cannon  
  110  8:53  Photon Cannon  
  110  8:55  Stalker x3  
  116  8:57  Zealot  
  118  9:03  Gravitic Drive  
  118  9:08  Templar Archives  
  117  9:17  Nexus  
  117  9:20  Pylon  
  117  9:22  Pylon  
  120  9:25  Disruptor (Chrono Boost)  
  120  9:31  Probe x2  
  120  9:32  Probe  
  119  9:47  Probe  
  119  9:48  Disruptor (Chrono Boost), Probe  
  123  9:54  High Templar x2, Zealot x2  
  123  9:55  Zealot x4  
  123  9:57  Pylon  
  123  9:59  Disruptor (Chrono Boost)  
  142  10:01  Photon Cannon  
  142  10:02  Archon  
  142  10:03  Shield Battery  
  142  10:06  Shield Battery  
  142  10:08  Pylon  
  145  10:14  Disruptor (Chrono Boost)  
  145  10:21  Disruptor  
  145  10:23  Zealot x2  
  151  10:31  Assimilator  
  151  10:33  Shield Battery  
  151  10:34  Zealot  
  151  10:35  Zealot x5  
  165  10:50  High Templar x2, Stargate  
  165  10:54  Archon, Shield Battery  
  169  10:57  Disruptor (Chrono Boost)  
  169  11:02  Stalker x5  
  157  11:26  Pylon  
  157  11:28  Pylon  
  137  11:33  Probe x2  
  139  11:42  Probe  
  139  11:43  Pylon  
  139  11:44  Probe  
  139  11:46  Probe, Pylon x2  
  142  11:50  Immortal (Chrono Boost), Pylon  
  142  11:52  Probe  
  142  11:53  Pylon  
  147  11:54  Probe  
  147  11:55  Assimilator  
  147  11:56  Zealot  
  150  12:05  High Templar x2  
  154  12:11  Pylon  
  154  12:12  Observer (Chrono Boost)  
  154  12:13  Probe  
  154  12:14  Probe  
  156  12:18  Dark Templar  
  156  12:19  Disruptor (Chrono Boost)  
  159  12:29  Probe  
  161  12:31  Observer (Chrono Boost)  
  161  12:33  Archon  
  161  12:34  Photon Cannon  
  159  12:37  Dark Templar  
  159  12:40  Oracle (Chrono Boost)  
  159  12:41  Protoss Ground Weapons Level 3 (Chrono Boost)  
  164  12:44  Disruptor (Chrono Boost)  
  165  12:57  Probe x2  
  169  13:02  Warp Prism (Chrono Boost)  
  169  13:04  Pylon  
  169  13:05  Pylon  
  169  13:10  Shield Battery  
  169  13:12  Gateway  
  169  13:16  Nexus  
  169  13:18  Pylon  
  169  13:20  Stalker x3, Pylon  
  169  13:21  Stalker x3  
  181  13:27  Gateway  
  181  13:28  Gateway  
  181  13:29  Gateway  
  181  13:30  Gateway  
  181  13:46  Oracle  
  184  13:48  Stargate  
  184  13:49  Fleet Beacon  
  184  13:50  Probe  
  185  14:07  Probe  
  186  14:13  Photon Cannon  
  186  14:15  Photon Cannon, Shield Battery  
  184  14:17  Shield Battery  
  184  14:19  Shield Battery  
  184  14:22  Oracle (Chrono Boost)  
  182  14:26  Zealot x3  
  182  14:27  Zealot x5  
  197  14:33  Gateway  
  197  14:35  Gateway  
  197  14:37  Gateway  
  193  14:41  Gateway  
  181  14:53  Tempest (Chrono Boost)  
  181  14:58  Tempest (Chrono Boost)  
  160  15:41  Nexus  
  160  15:42  Pylon  
  157  15:48  Observer  
  157  15:49  Oracle  
  141  15:50  Oracle  
  140  15:59  Pylon  
  140  16:00  Pylon  
  109  17:03  Dark Shrine  
  108  17:11  Gateway  
  108  17:13  Pylon  
  108  17:16  Pylon  
  95  17:37  Nexus  
Tags
 
Add a new tag
Caveats
  • Supply blocks, unpowered buildings, or Contaminate may cause inaccurate times.
  • Supply counts are checked every 10 seconds.